TOP OF THE 1ST |
Columbus Skeeters batting - Pitching for Asheville Tourists : RHP Victor Cruz
|
Pitching: RHP Victor Cruz
|
|
Batting: SHB Mike Howard
|
0-0: Fly out, F8 (Line Drive, 8LM, EV 100.6 MPH)
|
Batting: LHB Pete Mueller
|
0-0: Ball 1-0: Called Strike 1-1: Ball 2-1: Ball 3-1: Swinging Strike 3-2: Foul Ball, location: 2F 3-2: Strikes out swinging
|
Batting: RHB Heri Ramirez
|
0-0: Called Strike 0-1: Fly out, F3 (Flyball, 3D, EV 96.3 MPH)
|
Top of the 1st over - 0 runs, 0 hits, 0 errors, 0 left on base; Columbus 0 - Asheville 0 |
BOTTOM OF THE 1ST |
Asheville Tourists batting - Pitching for Columbus Skeeters : RHP Ed Wojna
|
Pitching: RHP Ed Wojna
|
|
Batting: RHB Ulises Infante
|
0-0: Called Strike 0-1: Foul Ball, location: 2F 0-2: Strikes out swinging
|
Batting: RHB Wes Robbins
|
0-0: Ball 1-0: Ball 2-0: Called Strike 2-1: Ball 3-1: Called Strike 3-2: Foul Ball, location: 2F 3-2: Fly out, F7 (Line Drive, 7, EV 96.3 MPH)
|
Batting: LHB Mike Aldrete
|
0-0: Ball 1-0: Called Strike 1-1: Ball 2-1: Swinging Strike 2-2: Ball 3-2: Fly out, F8 (Flyball, 8RXD, EV 104.4 MPH)
|
Bottom of the 1st over - 0 runs, 0 hits, 0 errors, 0 left on base; Columbus 0 - Asheville 0 |
TOP OF THE 2ND |
Columbus Skeeters batting - Pitching for Asheville Tourists : RHP Victor Cruz
|
Batting: LHB Sam Horn
|
0-0: Fly out, F7 (Flyball, 7D, EV 96.9 MPH)
|
Batting: LHB John Weller
|
0-0: Swinging Strike 0-1: Foul Ball, location: 2F 0-2: Ball 1-2: Ball 2-2: Foul Ball, location: 2F 2-2: Strikes out swinging
|
Batting: LHB Jay Erdahl
|
0-0: Ball 1-0: Foul Ball, location: 2F 1-1: Called Strike 1-2: Foul Ball, location: 2F 1-2: Fly out, F9 (Flyball, 9D, EV 86.9 MPH)
|
Top of the 2nd over - 0 runs, 0 hits, 0 errors, 0 left on base; Columbus 0 - Asheville 0 |
BOTTOM OF THE 2ND |
Asheville Tourists batting - Pitching for Columbus Skeeters : RHP Ed Wojna
|
Batting: LHB Donald Mazzilli
|
0-0: Foul Ball, location: 2F 0-1: Ball 1-1: Called Strike 1-2: Foul Ball, location: 2F 1-2: Ball 2-2: Ball 3-2: Base on Balls
|
Batting: LHB Daniel McInerny
|
0-0: Ball 1-0: Ball 2-0: Called Strike 2-1: Ball 3-1: SINGLE (Groundball, 4MD, EV 94.4 MPH) Donald Mazzilli to second
|
Batting: LHB Steven Morrison
|
0-0: Called Strike 0-1: SINGLE (Groundball, 4D, EV 98.1 MPH) Donald Mazzilli to third Daniel McInerny to second Runner from 3rd tries for Home, SAFE, throw by CF to home
|
Batting: RHB Jack Ramirez
|
0-0: Foul Ball, location: 2F 0-1: Ball 1-1: Ball 2-1: Ball 3-1: Swinging Strike 3-2: Foul Ball, location: 2F 3-2: Foul Ball, location: 2F 3-2: 3-RUN HOME RUN (Flyball, 7LD, EV 105.6 MPH), Distance : 363 ft
|
Batting: SHB Wayne Simmons
|
0-0: Ground out 3-1 (Groundball, 34S, EV 69.4 MPH)
|
Batting: RHB Thomas Wright
|
0-0: Swinging Strike 0-1: Called Strike 0-2: Foul Ball, location: 2F 0-2: Strikes out swinging
|
Batting: RHB Ulises Infante
|
0-0: Foul Ball, location: 2F 0-1: Ball 1-1: Called Strike 1-2: Ball 2-2: Foul Ball, location: 2F 2-2: Strikes out swinging
|
Bottom of the 2nd over - 4 runs, 3 hits, 0 errors, 0 left on base; Columbus 0 - Asheville 4 |
TOP OF THE 3RD |
Columbus Skeeters batting - Pitching for Asheville Tourists : RHP Victor Cruz
|
Batting: RHB Randy Kaczmarski
|
0-0: Swinging Strike 0-1: Foul Ball, location: 2F 0-2: Strikes out swinging
|
Batting: RHB George Dierberger
|
0-0: Ball 1-0: Called Strike 1-1: Called Strike 1-2: Foul Ball, location: 2F 1-2: Ball 2-2: Strikes out swinging
|
Batting: RHB Gregory Pastors
|
0-0: Ball 1-0: Called Strike 1-1: Ball 2-1: Ball 3-1: Foul Ball, location: 2F 3-2: Base on Balls
|
Batting: SHB Mike Howard
|
0-0: Called Strike 0-1: Ball 1-1: Fly out, F9 (Flyball, 9LM, EV 75.6 MPH)
|
Top of the 3rd over - 0 runs, 0 hits, 0 errors, 1 left on base; Columbus 0 - Asheville 4 |
BOTTOM OF THE 3RD |
Asheville Tourists batting - Pitching for Columbus Skeeters : RHP Ed Wojna
|
Batting: RHB Wes Robbins
|
0-0: Foul Ball, location: 2F 0-1: Called Strike 0-2: Foul Ball, location: 2F 0-2: Ball 1-2: Ball 2-2: Ball 3-2: Ground out 5-3 (Groundball, 56, EV 82.5 MPH)
|
Batting: LHB Mike Aldrete
|
0-0: Swinging Strike 0-1: Foul Ball, location: 2F 0-2: Ball 1-2: SINGLE (Line Drive, 8LS, EV 103.1 MPH)
|
Batting: LHB Donald Mazzilli
|
0-0: Ball 1-0: Called Strike Mike Aldrete steals 2nd base 1-1: Ball 2-1: Ball 3-1: Called Strike 3-2: Base on Balls
|
Batting: LHB Daniel McInerny
|
0-0: Foul Ball, location: 2F 0-1: Swinging Strike 0-2: Fielders Choice at 2nd, 3-6 (Groundball, 34, EV 105.6 MPH) Mike Aldrete to third
|
Batting: LHB Steven Morrison
|
0-0: Ball 1-0: SINGLE (Line Drive, 9S, EV 102.5 MPH) Mike Aldrete scores Daniel McInerny to second
|
Batting: RHB Jack Ramirez
|
0-0: DOUBLE (Groundball, 3L, EV 95.6 MPH) Daniel McInerny scores Steven Morrison to third Runner from 3rd tries for Home, SAFE, throw by RF to trailing runner, SAFE at third!
|
Pitching: RHP Luis Jimenez
|
|
Batting: SHB Wayne Simmons
|
0-0: Ground out U3 (Groundball, 34S, EV 84.4 MPH)
|
Bottom of the 3rd over - 3 runs, 3 hits, 0 errors, 1 left on base; Columbus 0 - Asheville 7 |
TOP OF THE 4TH |
Columbus Skeeters batting - Pitching for Asheville Tourists : RHP Victor Cruz
|
Batting: LHB Pete Mueller
|
0-0: Ball 1-0: Swinging Strike 1-1: Foul Ball, location: 2F 1-2: Strikes out looking
|
Batting: RHB Heri Ramirez
|
0-0: Ball 1-0: Foul Ball, location: 2F 1-1: Fly out, F4 (Popup, 34S, EV 77.5 MPH)
|
Batting: LHB Sam Horn
|
0-0: Called Strike 0-1: Ball 1-1: Swinging Strike 1-2: Ball 2-2: Ball 3-2: Base on Balls
|
Batting: LHB John Weller
|
0-0: Called Strike 0-1: Ball 1-1: Ball 2-1: 2-RUN HOME RUN (Flyball, 7D, EV 94.4 MPH), Distance : 368 ft
|
Batting: LHB Jay Erdahl
|
0-0: Foul Ball, location: 2F 0-1: Swinging Strike 0-2: Foul Ball, location: 2F 0-2: Foul Ball, location: 2F 0-2: Strikes out swinging
|
Top of the 4th over - 2 runs, 1 hit, 0 errors, 0 left on base; Columbus 2 - Asheville 7 |
BOTTOM OF THE 4TH |
Asheville Tourists batting - Pitching for Columbus Skeeters : RHP Luis Jimenez
|
Batting: RHB Thomas Wright
|
0-0: Called Strike 0-1: Ball 1-1: Ball 2-1: Ball 3-1: Swinging Strike 3-2: Foul Ball, location: 2F 3-2: Base on Balls
|
Batting: RHB Ulises Infante
|
0-0: Ball 1-0: Ball 2-0: Called Strike 2-1: Foul Ball, location: 2F 2-2: Foul Ball, location: 2F 2-2: Ball 3-2: SINGLE (Groundball, 56D, EV 105.6 MPH) Thomas Wright to second
|
Batting: RHB Wes Robbins
|
0-0: Ball 1-0: Ball 2-0: Called Strike 2-1: Fly out, F4 (Popup, 34, EV 53.1 MPH)
|
Batting: LHB Mike Aldrete
|
0-0: Swinging Strike 0-1: Ball 1-1: Ball 2-1: Swinging Strike 2-2: Strikes out swinging
|
Batting: LHB Donald Mazzilli
|
0-0: Called Strike 0-1: Ball 1-1: Ball 2-1: Ball 3-1: Base on Balls Thomas Wright to third Ulises Infante to second
|
Batting: LHB Daniel McInerny
|
0-0: Ball 1-0: Foul Ball, location: 2F 1-1: Foul Ball, location: 2F 1-2: Strikes out swinging
|
Bottom of the 4th over - 0 runs, 1 hit, 0 errors, 3 left on base; Columbus 2 - Asheville 7 |
TOP OF THE 5TH |
Columbus Skeeters batting - Pitching for Asheville Tourists : RHP Victor Cruz
|
Batting: RHB Randy Kaczmarski
|
0-0: SINGLE (Groundball, 56S, EV 72.5 MPH) (infield hit)
|
Batting: RHB George Dierberger
|
0-0: Ball 1-0: Ball 2-0: Ball 3-0: Called Strike 3-1: Foul Ball, location: 2F 3-2: DOUBLE (Groundball, 5L, EV 107.5 MPH) Randy Kaczmarski to third Randy Kaczmarski scores
|
Batting: RHB Gregory Pastors
|
0-0: Ball 1-0: Called Strike 1-1: Foul Ball, location: 2F 1-2: Strikes out swinging
|
Batting: SHB Mike Howard
|
0-0: Swinging Strike 0-1: Ball 1-1: DOUBLE (Line Drive, 78M, EV 98.8 MPH) George Dierberger scores
|
Batting: LHB Pete Mueller
|
0-0: Swinging Strike 0-1: Called Strike 0-2: Ball 1-2: Foul Ball, location: 2F 1-2: Ball 2-2: Strikes out swinging
|
Batting: RHB Heri Ramirez
|
0-0: Called Strike 0-1: Ball 1-1: Fly out, F8 (Flyball, 8RM, EV 89.4 MPH)
|
Top of the 5th over - 2 runs, 3 hits, 0 errors, 1 left on base; Columbus 4 - Asheville 7 |
BOTTOM OF THE 5TH |
Asheville Tourists batting - Pitching for Columbus Skeeters : RHP Luis Jimenez
|
Batting: LHB Steven Morrison
|
0-0: Called Strike 0-1: Swinging Strike 0-2: Strikes out swinging
|
Batting: RHB Jack Ramirez
|
0-0: Fly out, F6 (Popup, 6M, EV 57.5 MPH)
|
Batting: SHB Wayne Simmons
|
0-0: Called Strike 0-1: Swinging Strike 0-2: Ball 1-2: Strikes out swinging
|
Bottom of the 5th over - 0 runs, 0 hits, 0 errors, 0 left on base; Columbus 4 - Asheville 7 |
TOP OF THE 6TH |
Columbus Skeeters batting - Pitching for Asheville Tourists : RHP Victor Cruz
|
Batting: LHB Sam Horn
|
0-0: Ground out 6-3 (Groundball, 6, EV 83.8 MPH)
|
Batting: LHB John Weller
|
0-0: Foul Ball, location: 2F 0-1: Foul Ball, location: 2F 0-2: Strikes out looking
|
Batting: LHB Jay Erdahl
|
0-0: Ball 1-0: Fly out, F8 (Flyball, 89M, EV 90.6 MPH)
|
Top of the 6th over - 0 runs, 0 hits, 0 errors, 0 left on base; Columbus 4 - Asheville 7 |
BOTTOM OF THE 6TH |
Asheville Tourists batting - Pitching for Columbus Skeeters : RHP Luis Jimenez
|
Pitching: LHP Alejandro Arboleda
|
|
Batting: RHB Thomas Wright
|
0-0: Called Strike 0-1: Foul Ball, location: 2F 0-2: Ball 1-2: Fly out, F8 (Line Drive, 8RM, EV 96.9 MPH)
|
Batting: RHB Ulises Infante
|
0-0: Ball 1-0: Foul Ball, location: 2F 1-1: Ball 2-1: Ball 3-1: Foul Ball, location: 2F 3-2: Ground out 6-3 (Groundball, 6, EV 103.8 MPH)
|
Batting: RHB Wes Robbins
|
0-0: Ball 1-0: Ball 2-0: Called Strike 2-1: Ground out 6-3 (Groundball, 6S, EV 81.9 MPH)
|
Bottom of the 6th over - 0 runs, 0 hits, 0 errors, 0 left on base; Columbus 4 - Asheville 7 |
TOP OF THE 7TH |
Columbus Skeeters batting - Pitching for Asheville Tourists : RHP Victor Cruz
|
Batting: RHB Randy Kaczmarski
|
0-0: Ball 1-0: Ball 2-0: Ball 3-0: Called Strike 3-1: Base on Balls
|
Batting: RHB George Dierberger
|
0-0: Ball 1-0: Ball 2-0: Ball 3-0: Base on Balls Randy Kaczmarski to second
|
Batting: RHB Gregory Pastors
|
0-0: SINGLE (Line Drive, 4D, EV 97.5 MPH) Randy Kaczmarski to third George Dierberger to second Runner from 3rd tries for Home, SAFE, throw by CF to home
|
Pitching: RHP Jeff Barkley
|
|
Pinch Hitting: LHB Mike Jones
|
0-0: Swinging Strike 0-1: Foul Ball, location: 2F 0-2: Strikes out swinging
|
Batting: LHB Pete Mueller
|
0-0: Ball 1-0: Called Strike 1-1: Swinging Strike 1-2: Strikes out swinging
|
Batting: RHB Heri Ramirez
|
0-0: Ball 1-0: Ball 2-0: Ball 3-0: Called Strike 3-1: SINGLE (Line Drive, 8RS, EV 100.0 MPH) George Dierberger to third Gregory Pastors to second
|
Batting: LHB Sam Horn
|
0-0: Ball 1-0: Ball 2-0: GRAND SLAM HOME RUN (Flyball, 9D, EV 103.1 MPH), Distance : 364 ft
|
Batting: LHB John Weller
|
0-0: Ball 1-0: Ball 2-0: Called Strike 2-1: Fly out, F5 (Popup, 5SF, EV 75.0 MPH)
|
Top of the 7th over - 5 runs, 3 hits, 0 errors, 0 left on base; Columbus 9 - Asheville 7 |
BOTTOM OF THE 7TH |
Asheville Tourists batting - Pitching for Columbus Skeeters : LHP Alejandro Arboleda
|
Now in LF: Steve Springer
|
|
Batting: LHB Mike Aldrete
|
0-0: Ground out 6-3 (Groundball, 56, EV 93.8 MPH)
|
Batting: LHB Donald Mazzilli
|
0-0: Ball 1-0: Ball 2-0: Called Strike 2-1: Called Strike 2-2: Foul Ball, location: 2F 2-2: Ground out 4-3 (Groundball, 4, EV 88.1 MPH)
|
Batting: LHB Daniel McInerny
|
0-0: Ball 1-0: Swinging Strike 1-1: Called Strike 1-2: Ball 2-2: Fly out, F6 (Flyball, 6D, EV 86.9 MPH)
|
Bottom of the 7th over - 0 runs, 0 hits, 0 errors, 0 left on base; Columbus 9 - Asheville 7 |
TOP OF THE 8TH |
Columbus Skeeters batting - Pitching for Asheville Tourists : RHP Jeff Barkley
|
Batting: LHB Jay Erdahl
|
0-0: Fly out, F7 (Line Drive, 7, EV 93.8 MPH)
|
Batting: RHB Randy Kaczmarski
|
0-0: Ball 1-0: Called Strike 1-1: Foul Ball, location: 2F 1-2: Fly out, F7 (Flyball, 7LS, EV 96.3 MPH)
|
Batting: RHB George Dierberger
|
0-0: Ball 1-0: DOUBLE (Line Drive, 7LD, EV 111.3 MPH)
|
Batting: RHB Gregory Pastors
|
0-0: Ball 1-0: Fly out, F6 (Popup, 6M, EV 56.9 MPH)
|
Top of the 8th over - 0 runs, 1 hit, 0 errors, 1 left on base; Columbus 9 - Asheville 7 |
BOTTOM OF THE 8TH |
Asheville Tourists batting - Pitching for Columbus Skeeters : LHP Alejandro Arboleda
|
Batting: LHB Steven Morrison
|
0-0: Hit by Pitch
|
Batting: RHB Jack Ramirez
|
0-0: Fielders Choice at 2nd, 5-4 (Groundball, 56, EV 103.8 MPH)
|
Batting: SHB Wayne Simmons
|
0-0: Called Strike 0-1: Ball 1-1: Ball 2-1: Called Strike 2-2: Foul Ball, location: 2F 2-2: Foul Ball, location: 2F 2-2: Ball 3-2: Foul Ball, location: 2F 3-2: Fly out, F8 (Line Drive, 8LM, EV 103.8 MPH)
|
Batting: RHB Thomas Wright
|
0-0: Ball 1-0: Ball 2-0: Fly out, F5 (Popup, 5SF, EV 65.0 MPH)
|
Bottom of the 8th over - 0 runs, 0 hits, 0 errors, 1 left on base; Columbus 9 - Asheville 7 |
TOP OF THE 9TH |
Columbus Skeeters batting - Pitching for Asheville Tourists : RHP Jeff Barkley
|
Batting: RHB Steve Springer
|
0-0: Ball 1-0: Ball 2-0: Swinging Strike 2-1: Fly out, F3 (Popup, 23F, EV 75.0 MPH)
|
Batting: LHB Pete Mueller
|
0-0: Ball 1-0: Called Strike 1-1: Swinging Strike 1-2: Strikes out swinging
|
Batting: RHB Heri Ramirez
|
0-0: Called Strike 0-1: Swinging Strike 0-2: Ball 1-2: Ground out 4-3 (Groundball, 4MD, EV 96.9 MPH)
|
Top of the 9th over - 0 runs, 0 hits, 0 errors, 0 left on base; Columbus 9 - Asheville 7 |
BOTTOM OF THE 9TH |
Asheville Tourists batting - Pitching for Columbus Skeeters : LHP Alejandro Arboleda
|
Pitching: LHP Keith Comstock
|
|
Batting: RHB Ulises Infante
|
0-0: Ball 1-0: Ball 2-0: SINGLE (Line Drive, 6D, EV 108.8 MPH)
|
Batting: RHB Wes Robbins
|
0-0: Swinging Strike 0-1: Foul Ball, location: 2F 0-2: Ball 1-2: Ball 2-2: Ground out 5-3 (Groundball, 56S, EV 68.1 MPH) Ulises Infante to second
|
Batting: LHB Mike Aldrete
|
0-0: Ball 1-0: Called Strike 1-1: Swinging Strike 1-2: Strikes out swinging
|
Batting: LHB Donald Mazzilli
|
0-0: Called Strike 0-1: Foul Ball, location: 2F 0-2: Strikes out swinging
|
Bottom of the 9th over - 0 runs, 1 hit, 0 errors, 1 left on base; Columbus 9 - Asheville 7 |
|